 Dungeon Crawl Stone Soup version 0.25-a0-804-g50c693f418 (webtiles) character file.

Game seed: 5895842396955727451, levelgen mode: deterministic

53 mortelune the Vexing (level 4, -11/34 HPs)
             Began as a Formicid Arcane Marksman on Apr 19, 2020.
             Killed by divine providence
             ... invoked by an orc priest
              (15 damage)
             ... on level 2 of the Dungeon.
             The game lasted 00:02:38 (735 turns).

mortelune the Vexing (Formicid Arcane Marksman)      Turns: 735, Time: 00:02:39

Health: -11/34     AC:  5    Str: 16    XL:     4   Next: 10%
Magic:  5/5        EV:  9    Int: 12    God:
Gold:   93         SH:  3    Dex: 11    Spells: 4/5 levels left

rFire    . . .     SeeInvis +   b - +0 hand axe
rCold    . . .     Gourm    .   h - +0 buckler
rNeg     . . .     Faith    .   r - +0 scale mail
rPois    .         Spirit   .   (helmet unavailable)
rElec    .         Reflect  .   j - -2 cloak (curse)
rCorr    .         Harm     .   (no gloves)
MR       .....                  (no boots)
Stlth    ..........             (no amulet)
HPRegen  0.11/turn              (no ring)
MPRegen  0.09/turn              (no ring)

@: stab
A: permanent stasis, dig shafts and tunnels, four strong arms, antennae 3
a: Dig, Shaft Self


You were on level 2 of the Dungeon.
You were not hungry.

You visited 1 branch of the dungeon, and saw 2 of its levels.

You collected 93 gold pieces.

Inventory:

Hand Weapons
 a - a +0 hand crossbow
 b - a +0 hand axe (weapon)
Missiles
 d - 12 bolts
 l - 8 silver javelins (quivered)
Armour
 e - a +0 robe
 h - a +0 buckler (worn)
 j - a cursed -2 cloak (worn)
 r - a +0 scale mail (worn)
Scrolls
 c - a scroll of teleportation {unknown}
 g - a scroll of fog {unknown}
 k - a scroll of enchant weapon {unknown}
 p - 2 scrolls of blinking {unknown}
 q - 3 scrolls of identify {unknown}
Potions
 o - a potion of mutation {unknown}
Comestibles
 f - 2 rations
 i - 6 chunks of flesh


   Skills:
 + Level 2.3 Fighting
 + Level 2.8 Crossbows
 + Level 2.5 Dodging
 - Level 1.1 Spellcasting
 - Level 3.6 Hexes


You had 4 spell levels left.
You knew the following spells:

 Your Spells              Type           Power        Failure   Level  Hunger
a - Corona                Hex            #......      41%         1    ##.....

Your spell library contained the following spells:

 Spells                   Type           Power        Failure   Level  Hunger
 Slow                     Hex            #.......     56%         2    ###....
 Inner Flame              Hex/Fire       #.......     95%         3    ####...
 Portal Projectile        Hex/Tloc       #.....       95%         3    ####...
 Cause Fear               Hex            #.........   99%         4    #####..
 Leda's Liquefaction      Hex/Erth       #.........   100%        4    #####..


Dungeon Overview and Level Annotations

Branches:
Dungeon (2/15)

Altars:


Innate Abilities, Weirdness & Mutations

You cannot be hasted, slowed, berserked, paralysed or teleported.
You can dig through walls and to a lower floor.
Your four strong arms can wield two-handed weapons with a shield.
You have a pair of large antennae on your head. (SInv)


Message History

The orc hits you but does no damage.
You closely miss the orc priest.
The orc priest is heavily wounded.
Your shield and scale mail prevent you from hitting the orc.
The orc priest closely misses you. The orc hits you but does no damage.
You hit the orc priest.
The orc priest is heavily wounded.
You barely miss the orc.
The orc priest hits you with a +0 flail.
* * * LOW HITPOINT WARNING * * *
The orc hits you but does no damage.
The orc priest hits you with a +0 flail.
* * * LOW HITPOINT WARNING * * *
It was a potion of magic.
Magic courses through your body. The orc closely misses you.
It was a potion of stabbing.
You feel ready to backstab.
The orc priest calls down the wrath of Beogh upon you.
Beogh smites you!
You die...

##.##...#..#.#
##.........#.#
........##.#.#
##..#.#.##.#.#
..รท....[##.#.#
##.#######.#.#######
....................
##.......#.#.########.###
..#####.#.#..)(@o..(....
##.# . #.######o##.#.##
#.# .. #.# #.{........
#.# ## #.# #..(...#..#
#.. ..# #......# ### ##
#......# #.......
#....((..{ #.......!.


You could see an orc priest and an orc.

Vanquished Creatures
  Terence (D:2)
  An ooze (D:1)
  An orc (D:2)
  2 giant cockroaches
  3 goblins
  A hobgoblin (D:2)
  A quokka (D:2)
  4 bats
  A frilled lizard (D:1)
  8 rats
23 creatures vanquished.

Notes
Turn   | Place    | Note
-------+----------+-------------------------------------------
     0 | D:1      | mortelune the Formicid Arcane Marksman began the quest for
                  | the Orb.
     0 | D:1      | Reached XP level 1. HP: 15/15 MP: 2/2
   180 | D:1      | Reached XP level 2. HP: 21/21 MP: 3/3
   553 | D:2      | Reached XP level 3. HP: 27/27 MP: 4/4
   561 | D:2      | Noticed Terence
   567 | D:2      | Killed Terence
   650 | D:2      | Reached XP level 4. HP: 31/33 MP: 5/5
   735 | D:2      | Killed from afar by an orc priest

Levels and vault maps discovered:
D:1:      heliophobic_arrival_battle_scene, layout_rooms, grunt_decor_arrowhead,
          glass_columns_a, hangedman_decor_opposing
D:2:      layout_basic, first_ration, uniq_terence

Skill      XL: |  1  2  3 |
---------------+----------+-----
Dodging        | 2 |  2.5
Fighting       | 2 |  2.3
Crossbows      | |  2.8
Spellcasting   | |  1.1
Hexes          | |  3.6

Action                   |  1- 3 |  4- 6 || total
-------------------------+-------+-------++-------
Melee: Hand axe          |       |    12 ||    12
 Fire: Hand crossbow     |    32 |     6 ||    38
 Cast: Corona            |     1 |       ||     1
  Use: Potion            |       |     2 ||     2
Armor: Robe              |     1 |       ||     1
       Scale mail        |       |     7 ||     7
Dodge: Dodged            |     1 |     5 ||     6
Block: Buckler           |       |     2 ||     2

Table legend:
 A = Non-vault XP
 B = Vault XP
 C = Vault XP percentage of total XP
 D = Non-vault monster count
 E = Vault monster count
 F = Vault count percentage of total count
                 A         B        C        D         E       F
            +---------+---------+-------+---------+---------+-------
      Total |      40 |      36 |  47.4 |      22 |       1 |   4.3
            +---------+---------+-------+---------+---------+-------
        D:1 |      24 |       0 |   0.0 |      13 |       0 |   0.0
        D:2 |      16 |      36 |  69.2 |       9 |       1 |  10.0
            +---------+---------+-------+---------+---------+-------
